Map: Odyssey LE

Players

Yata - Winner!

  • Race: Zerg Zerg
  • League: Gold
  • Spawn Location: 11:00

A.I. 1 (Very Easy)

  • Race: Terran Terran
  • Spawn Location: 5:00

VOD

Have the link to the VOD?

Description

Time

  • Played on: Sept. 5, 2017, 8:29 p.m.
  • Length: 19:55
Show
View Real Time Build Order
Export as new Build Order

Yata Zerg - Winner!

Build Orders: Hatch First 

Get SALT Encoding   

  12  0:01  Drone  
  13  0:12  Overlord  
  13  0:20  Drone  
  14  0:30  Drone x2  
  14  0:34  Drone  
  17  0:54  Hatchery  
  17  0:56  Drone  
  17  1:00  Drone  
  18  1:10  Extractor  
  17  1:15  Spawning Pool  
  16  1:19  Drone  
  16  1:22  Drone  
  18  1:28  Drone  
  19  1:39  Overlord  
  19  1:49  Drone  
  20  2:00  Drone  
  21  2:03  Queen  
  21  2:08  Queen  
  25  2:11  Zergling x4  
  25  2:14  Metabolic Boost  
  27  2:24  Drone x2  
  27  2:28  Drone  
  30  2:36  Drone  
  31  2:38  Drone  
  32  2:47  Drone  
  32  2:51  Extractor, Lair  
  32  3:06  Evolution Chamber  
  31  3:14  Overlord  
  31  3:26  Drone x2  
  33  3:27  Drone x3  
  35  3:35  Zergling x2  
  35  3:36  Zergling x8  
  40  3:42  Zerg Melee Weapons Level 1, Hatchery  
  39  4:17  Extractor  
  39  4:19  Extractor  
  39  4:22  Spire  
  36  4:38  Queen  
  38  4:49  Drone x5  
  38  4:50  Drone  
  38  4:51  Overlord x3  
  43  5:22  Drone  
  43  5:23  Drone x9  
  53  5:38  Infestation Pit  
  53  5:39  Queen  
  53  5:40  Queen x2  
  58  5:43  Overlord x2  
  58  5:47  Drone  
  58  5:48  Drone x2  
  58  5:49  Drone  
  62  6:06  Zerg Ground Armor Level 1  
  62  6:11  Hatchery  
  61  6:34  Drone  
  61  6:35  Drone x5  
  61  6:36  Drone  
  68  6:40  Hive, Pneumatized Carapace  
  68  6:48  Zerg Flyer Weapons Level 1  
  68  6:53  Mutalisk  
  68  6:54  Mutalisk x6  
  68  7:01  Zergling x8  
  83  7:02  Zergling x2  
  83  7:06  Overlord  
  84  7:25  Mutalisk x5  
  94  7:31  Drone x2  
  96  8:02  Ultralisk Cavern  
  95  8:26  Overlord x2  
  95  8:27  Overlord x4  
  95  8:40  Zerg Melee Weapons Level 2  
  95  8:44  Queen x4  
  101  8:51  Drone x3  
  101  8:52  Drone x6  
  101  8:53  Drone x5  
  101  8:54  Drone x2  
  111  9:17  Ultralisk  
  111  9:18  Ultralisk x3  
  111  9:20  Queen x4  
  111  9:21  Drone  
  144  9:37  Overlord x2  
  144  9:38  Overlord x5  
  144  9:56  Zergling x2, Ultralisk x2  
  144  9:57  Zergling x26  
  144  9:58  Zergling x2  
  171  10:19  Ultralisk  
  177  10:29  Ultralisk  
  183  10:43  Evolution Chamber  
  182  11:03  Adrenal Glands  
  182  11:07  Ultralisk  
  188  11:19  Ultralisk  
  188  11:22  Hatchery  
  188  11:24  Hatchery  
  192  11:34  Ultralisk  
  192  11:39  Zergling x4  
  200  11:49  Chitinous Plating  
  200  12:02  Extractor  
  200  12:05  Extractor x2  
  200  12:06  Extractor  
  196  12:36  Zerg Melee Weapons Level 3  
  196  12:37  Zerg Ground Armor Level 2  
  181  14:02  Ultralisk  
  178  14:03  Ultralisk x3  
  178  14:06  Ultralisk  
  193  14:12  Ultralisk  
  195  15:13  Ultralisk  
  196  15:32  Zerg Ground Armor Level 3  
  195  15:44  Ultralisk  
  196  15:55  Ultralisk  
  192  16:40  Ultralisk  
  192  16:41  Zergling x4  
  184  17:53  Ultralisk x2  
  184  17:57  Zergling x8  
  198  18:30  Zergling x4  
  198  18:31  Zergling x2  
  198  18:32  Zergling x2  
  197  19:32  Zergling x4  
Show
View Real Time Build Order
Export as new Build Order

A.I. 1 (Very Easy) Terran 

Build Orders:  

Get SALT Encoding   

  12  0:00  SCV  
  13  0:13  SCV  
  14  0:19  Supply Depot  
  14  0:37  Refinery  
  14  0:44  Barracks  
  14  1:05  Supply Depot  
  14  1:12  Refinery  
  14  1:30  Orbital Command  
  14  1:31  Marine  
  15  1:49  Barracks Tech Lab  
  15  1:55  SCV  
  16  2:08  SCV  
  17  2:15  Marine  
  18  2:20  SCV  
  19  2:32  SCV  
  20  2:44  SCV  
  21  2:56  SCV  
  22  3:00  Marauder  
  24  4:04  SCV  
  24  5:00  Marine  
  24  5:01  Supply Depot  
  25  5:12  SCV  
  25  5:29  Marauder  
  27  5:58  Marine  
  28  6:35  SCV  
  28  6:36  Marine  
  28  6:38  Supply Depot  
  30  6:40  Factory  
  30  6:46  Command Center  
  30  6:47  SCV  
  31  6:59  SCV  
  32  7:11  SCV  
  32  7:15  Marine  
  28  7:23  SCV  
  28  7:26  Starport  
  26  7:49  Marine  
  27  7:57  SCV  
  28  8:01  Refinery  
  28  8:04  SCV  
  29  8:09  Refinery, Starport Tech Lab  
  29  8:12  SCV  
  30  8:19  SCV  
  31  8:24  Hellion  
  31  8:26  SCV  
  34  8:29  Raven  
  34  8:33  SCV  
  23  8:40  SCV  
  23  8:48  SCV  
  24  8:53  Hellion  
  24  8:55  SCV  
  23  9:02  SCV  
  24  9:12  Raven  
  24  9:16  SCV  
  25  9:21  Marauder  
  26  9:27  Supply Depot  
  26  9:28  Command Center  
  26  9:29  SCV  
  27  9:41  SCV  
  28  9:48  Refinery  
  28  9:50  Hellion  
  30  9:53  SCV  
  31  10:05  SCV  
  32  10:17  SCV  
  32  10:19  Hellion  
  35  10:29  SCV  
  36  10:40  Orbital Command  
  36  10:41  SCV  
  37  10:53  SCV, Marine  
  39  11:05  SCV  
  39  11:07  SCV  
  41  11:17  SCV  
  42  11:21  SCV  
  43  11:27  Marine  
  43  11:30  SCV  
  45  11:36  SCV  
  46  11:43  SCV  
  47  11:50  SCV  
  48  11:57  SCV  
  49  12:01  Marine  
  49  12:05  SCV  
  51  12:12  SCV  
  52  12:19  SCV  
  53  12:26  Marine, SCV  
  53  12:27  Medivac  
  53  12:29  Supply Depot  
  57  12:33  SCV  
  58  12:45  Marine  
  59  12:57  Medivac  
  61  13:03  Factory Tech Lab  
  61  13:24  Siege Tank  
  61  13:27  Raven  
  65  13:37  SCV  
  55  13:42  Marine  
  49  13:56  SCV  
  49  14:00  Marine  
  49  14:03  SCV  
  49  14:09  Raven  
  46  14:12  SCV  
  46  14:20  Marauder  
  46  14:21  SCV  
  49  14:28  SCV  
  49  14:31  Command Center  
  50  14:36  SCV  
  51  14:41  Marine  
  51  14:43  SCV  
  53  14:50  SCV  
  53  14:52  Raven  
  54  14:59  Marine  
  57  15:32  Siege Tank  
  56  15:44  SCV  
  56  15:46  Refinery  
  56  15:50  Marine  
  56  15:51  SCV  
  56  15:55  Refinery  
  57  16:08  Marine  
  58  16:28  Marine  
  59  16:47  Viking  
  61  17:17  Viking  
  62  17:47  Viking  
  64  18:17  Viking  
  40  19:11  SCV  
  31  19:34  Supply Depot  
  31  19:36  Supply Depot  
Tags
 
League
Gold
Matchup
TvZ
Replay Pack
Pack 1
Spawn Locations
Cross Positions
Add a new tag
Caveats
  • Supply blocks, unpowered buildings, or Contaminate may cause inaccurate times.
  • Supply counts are checked every 10 seconds.